 Dungeon Crawl Stone Soup version 0.29.1-1-gd02db6906a (webtiles) character file.

Game seed: 11620511974567104268

151 Zeld the Chopper (level 5, 0/47 HPs)
             Began as a Minotaur Berserker on Oct 15, 2022.
             Was a Believer of Trog.
             Succumbed to a scorpion's poison
             ... on level 3 of the Dungeon.
             The game lasted 00:02:00 (2377 turns).

Zeld the Chopper (Minotaur Berserker)               Turns: 2377, Time: 00:02:01

Health: 0/47       AC:  2    Str: 21 (23) XL:     5   Next: 10%
Magic:  4/4        EV: 12    Int:  2 (4)  God:    Trog [**....]
Gold:   175        SH:  0    Dex:  7 (10) Spells: 4/4 levels left

rFire   . . .      SeeInvis .   a - +0 hand axe
rCold   . . .      Faith    .   (no shield)
rNeg    . . .      Spirit   .   b - +0 animal skin
rPois   .          Reflect  .   (helmet restricted)
rElec   .          Harm     .   (no cloak)
rCorr   .          Rampage  .   (no gloves)
Will    ++...                   (no boots)
Stlth   +.........              (no amulet)
HPRegen 1.15/turn               (no ring)
MPRegen 0.09/turn               (no ring)

@: lethally poisoned (0 -> -2), strong-willed, regenerating
A: horns 2, retaliatory headbutt
a: Renounce Religion, Berserk, Trog's Hand


You were on level 3 of the Dungeon.
You worshipped Trog.
Trog was pleased with you.
You visited 1 branch of the dungeon, and saw 3 of its levels.

You collected 175 gold pieces.

Inventory:

Hand Weapons
 a - a +0 hand axe (weapon)
Armour
 b - a +0 animal skin (worn)
Scrolls
 c - a scroll of vulnerability {unknown}
 e - 2 scrolls of identify {unknown}
 f - a scroll of enchant armour {unknown}
 i - a scroll of torment {unknown}
 j - a scroll of amnesia {unknown}
 l - a scroll of teleportation {unknown}
 m - a scroll of enchant weapon {unknown}
 p - a scroll of noise {unknown}
 t - a scroll of fear {unknown}
Potions
 d - a potion of invisibility {unknown}
 g - 2 potions of degeneration
 h - 2 potions of curing {unknown}
 k - a potion of attraction {unknown}
 n - a potion of haste {unknown}
 o - a potion of heal wounds {unknown}
 q - a potion of mutation {unknown}
 r - a potion of magic {unknown}
 s - a potion of lignification {unknown}


   Skills:
 + Level 4.5 Fighting
 * Level 5.2 Axes
 + Level 3.5 Armour
 + Level 3.2 Dodging


You had 4 spell levels left.
You didn't know any spells.
Your spell library was empty.

Dungeon Overview and Level Annotations

Branches:
Dungeon (3/15)

Altars:
Ashenzari
Elyvilon
Kikubaaqudgha
Vehumet
Xom
Yredelemnul

Annotations:
D:3 1 transporter


Innate Abilities, Weirdness & Mutations

You have a pair of horns on your head.
You reflexively headbutt those who attack you in melee.


Message History

Unknown command.
You are too injured to fight recklessly!
You are too injured to fight recklessly!
You barely miss the scorpion.
The scorpion is heavily wounded.
You hit the orc. The scorpion barely misses you. You furiously retaliate!
You headbutt the scorpion. The orc hits you with a +0 mace!
* * * LOW HITPOINT WARNING * * *
The bat hits you but does no damage. The scorpion stings you.
* * * LOW HITPOINT WARNING * * *
Unknown command.
You hit the scorpion.
The scorpion is almost dead.
You hit the bat.
You kill the bat!
Trog accepts your kill.
You barely miss the orc. The orc completely misses you.
The scorpion barely misses you.
Unknown command.
You barely miss the scorpion.
The scorpion is almost dead.
You hit the orc.
You kill the orc!
Trog accepts your kill. The scorpion stings you!
* * * LOW HITPOINT WARNING * * *
You are lethally poisoned!
The scorpion poisons you!
Your skin crawls.
You feel strong-willed.
* * * LOW HITPOINT WARNING * * *
You feel very sick. The scorpion stings you.
* * * LOW HITPOINT WARNING * * *
Unknown command.
Okay, then.
It was a potion of degeneration.
There was something very wrong with that liquid.
You feel weakened.
You feel dopey.
You feel clumsy.
You die...

####### ##...... #
#####...####.##
##.....©.......#
#..#########....
#.##8.....8##.#.#
#.#...†s)...#.#.#
#.#....@....#.#.#
#.#....†....#.#.# .
#.#........©#.#.# ####.
#.#.........#...# #...#
#.#.........#.#.####...#
#.#..=!$[(..#....#......
#.##8$_._$8##.........>.
#..#########.....#......
##.....©.....##.##......


You could see a scorpion.

Vanquished Creatures
  3 gnolls (D:2)
  4 adders
  2 worms (D:2)
  A dart slug (D:2)
  7 orcs (D:3)
  8 bats
  3 endoplasms
  2 giant cockroaches
  8 hobgoblins
  4 jackals (D:3)
  6 kobolds
  2 quokkas (D:1)
  8 ball pythons
  A frilled lizard (D:1)
  7 goblins
  4 rats
70 creatures vanquished.

Notes
Turn   | Place    | Note
-------+----------+-------------------------------------------
     0 | D:1      | Zeld the Minotaur Berserker began the quest for the Orb.
     0 | D:1      | Reached XP level 1. HP: 19/19 MP: 0/0
   182 | D:1      | Found a faded altar of an unknown god.
   310 | D:1      | Reached skill level 4 in Axes
   310 | D:1      | Reached XP level 2. HP: 25/27 MP: 1/1
   882 | D:2      | Reached XP level 3. HP: 22/33 MP: 2/2
  1309 | D:2      | Reached ** piety under Trog
  1312 | D:2      | Reached XP level 4. HP: 26/40 MP: 3/3
  1826 | D:3      | Reached skill level 5 in Axes
  1990 | D:3      | Found a shimmering altar of Xom.
  1992 | D:3      | Found a basalt altar of Yredelemnul.
  2030 | D:3      | Found a radiant altar of Vehumet.
  2030 | D:3      | Found an ancient bone altar of Kikubaaqudgha.
  2171 | D:3      | Reached XP level 5. HP: 40/47 MP: 4/4
  2222 | D:3      | Found a transporter.
  2223 | D:3      | Found a white marble altar of Elyvilon.
  2225 | D:3      | Found a broken altar of Ashenzari.
  2230 | D:3      | Found a transporter.
  2376 | D:3      | HP: 2/47 [poisoned by a scorpion]
  2377 | D:3      | Succumbed to a scorpion's poison

Illustrated notes

Levels and vault maps discovered:
D:1:      spicycebolla_arrival_transporter_tutorial, layout_basic,
          hellmonk_ecumenical_altar_heavens_door, serial_bayou_pond_d,
          chequers_serial_rivers_small_b, minmay_tetromino_i2
D:2:      layout_rooms
D:3:      layout_loops_cross, gammafunk_temple_overflow_arena,
          nicolae_overflow_hidden_temple, amethyst_overflow_temple_binary,
          kennysheep_another_room, minmay_close_crescents

Skill      XL: |  1  2  3  4 |
---------------+-------------+-----
Axes           | 4 5 |  5.2
Fighting       | 4 |  4.5
Armour         | 3 |  3.5
Dodging        | 3 |  3.2

Action                   |  1- 3 |  4- 6 || total
-------------------------+-------+-------++-------
Melee: Hand axe          |    58 |    68 ||   126
       Headbutt          |     8 |    12 ||    20
       Punch             |     1 |     1 ||     2
Invok: Berserk           |     1 |       ||     1
       Trog's Hand       |       |     1 ||     1
  Use: Potion            |       |     1 ||     1
Armor: Animal skin       |    10 |    22 ||    32
Dodge: Dodged            |    41 |    74 ||   115
